 Dungeon Crawl Stone Soup version 0.21-a0-401-g0b6bec4 (webtiles) character file.

4160 Spoonicorn the Cleaver (level 10, -3/90 HPs)
             Began as a Minotaur Berserker on Oct 24, 2017.
             Was an Elder of Trog.
             Slain by a hornet (5 damage)
             ... on level 8 of the Dungeon.
             The game lasted 00:22:23 (6703 turns).

Spoonicorn the Cleaver (Minotaur Berserker)         Turns: 6703, Time: 00:22:28

Health: -3/90      AC: 14    Str: 21 (24) XL:     10   Next: 7%
Magic:  9/9        EV: 10    Int:  2 (4)  God:    Trog [****..]
Gold:   748        SH:  0    Dex:  8 (11) Spells: 9/9 levels left

rFire    . . .     SeeInvis .   m - +4 hand axe
rCold    . . .     Gourm    .   (no shield)
rNeg     . . .     Faith    .   q - +0 chain mail
rPois    .         Spirit   .   (helmet restricted)
rElec    .         Reflect  .   (no cloak)
rCorr    .         Harm     .   u - +1 pair of gloves
MR       .....                  (no boots)
Stlth    ..........             (no amulet)
HPRegen  0.25/turn              (no ring)
MPRegen  0.11/turn              (no ring)

@: fainting, slowed, very slow
A: retaliatory headbutt, horns 2
a: Berserk, Trog's Hand, Brothers in Arms, Burn Spellbooks, Renounce Religion


You were on level 8 of the Dungeon.
You worshipped Trog.
Trog was greatly pleased with you.
You were fainting.

You visited 1 branch of the dungeon, and saw 9 of its levels.
You also visited: Bailey.

You collected 748 gold pieces.

Inventory:

Hand Weapons
 a - a +0 hand axe
 m - a +4 hand axe (weapon)
Armour
 e - a +0 ring mail
 q - a +0 chain mail (worn)
 u - a +1 pair of gloves (worn)
Wands
 z - a wand of iceblast (6/15)
 B - a wand of disintegration (3/24)
Scrolls
 d - a scroll of enchant armour
 f - a scroll of silence {unknown}
 n - 6 scrolls of identify
 s - a scroll of teleportation
 t - a scroll of fear {unknown}
 y - 5 scrolls of remove curse
Potions
 g - a potion of degeneration
 i - 2 potions of agility
 j - a potion of flight
 l - a potion of haste {unknown}
 o - 2 potions of curing
 p - a potion of heal wounds {unknown}
 r - a potion of magic {unknown}
 v - a potion of might {unknown}
 C - a potion of lignification {unknown}
Books
 b - Woelocs's Papyrus of the Unholy Birds
   (You found it in a bailey)

   Spells                             Type                      Level
   a - Shock                          Conjuration/Air              1
   b - Pain                           Necromancy                   1
   c - Vampiric Draining              Necromancy                   3
   d - Bolt of Draining               Conjuration/Necromancy       5
   e - Agony                          Necromancy                   5
   f - Cigotuvi's Embrace             Necromancy                   5
   Trog disapproves of the use of such an item.
 k - the Disquisition on Spatial Feathers
   (You found it in a bailey)

   Spells                             Type                      Level
   a - Static Discharge               Conjuration/Air              3
   b - Lesser Beckoning               Translocation                3
   c - Airstrike                      Air                          4
   d - Force Lance                    Conjuration/Translocation    4
   Trog disapproves of the use of such an item.
 x - a book of Minor Magic

   Spells                             Type                      Level
   a - Magic Dart                     Conjuration                  1
   b - Blink                          Translocation                2
   c - Call Imp                       Summoning                    2
   d - Slow                           Hexes                        2
   e - Conjure Flame                  Conjuration/Fire             3
   f - Mephitic Cloud                 Conjuration/Poison/Air       3
   Trog disapproves of the use of such an item.
Comestibles
 c - 3 bread rations
 h - 6 fruits
 w - 4 royal jellies
 A - a meat ration


   Skills:
 + Level 8.4 Fighting
 + Level 11.8 Axes
 + Level 9.9 Armour
 + Level 4.7 Dodging
 + Level 0.7 Unarmed Combat


You had 9 spell levels left.
You didn't know any spells.

Dungeon Overview and Level Annotations

Branches:
Dungeon (9/15)             Temple (0/1) D:7
   Lair: D:8-11         Orc: D:9-12

Altars:
Fedhas
Xom
Zin

Shops:
D:6 !   D:7 :


Innate Abilities, Weirdness & Mutations

You reflexively headbutt those who attack you in melee.
You have a pair of horns on your head.


Message History

The worker ant barely misses you.
The hornet stings you but does no damage.
You climb upwards.
* * * LOW HITPOINT WARNING * * *
You feel sick.
There is a stone staircase leading down here.
You feel better.
The hornet stings you but does no damage.
The worker ant bites you.
* * * LOW HITPOINT WARNING * * *
The hornet completely misses you.
The worker ant bites you but does no damage.
It was a potion of degeneration.
There was something very wrong with that liquid.
You feel weakened.
You feel dopey.
You feel clumsy. The hornet stings you.
* * * LOW HITPOINT WARNING * * *
You feel as though you will be slow longer.
The worker ant barely misses you. The hornet stings you.
You die...

##### ######...# #...##(..#
#########
########...##..a####.......#
...........'....@y..#.####.#
########...#####.##.#....#.###
#...# #.##.#.##.#.#.#
############
#.##.#....#.#.#### .........#
#.##.#.####.#....# ####...#.#
#.##.#......#.##.# #..?#.##
#.##.#..#####.#..# #...#..#
#.##.#..#..#.....# ######.####
#.##.#..#..#<.#..#


You could see a hornet and a worker ant.

Vanquished Creatures
  An unseen horror (D:6)
  Pikel (D:8)
  Prince Ribbit (D:5)
  2 hippogriffs
  Edmund (D:6)
  Duvessa (D:5)
  2 orc warriors (Bailey)
  A slave (D:8)
  3 phantoms
  2 sky beasts
  An ogre (D:8)
  2 centaurs (D:6)
  A crocodile (D:7)
  A big kobold (D:7)
  A bullfrog (D:8)
  A gnoll sergeant (D:3)
  Dowan (D:5)
  3 killer bees (D:8)
  2 crimson imps
  A quasit (D:5)
  6 hounds
  An orc priest (D:3)
  A bullfrog skeleton (D:6)
  6 worker ants
  A centaur skeleton (D:8)
  An iguana (D:4)
  3 orc wizards
  17 gnolls
  11 adders
  2 shadow imps
  An ooze (D:3)
  An adder zombie (D:7)
  2 worms
  4 dart slugs
  6 leopard geckos
  21 orcs
  4 giant cockroaches
  10 goblins
  5 hobgoblins
  12 jackals
  26 kobolds
  3 quokkas
  3 ball pythons
  4 bats
  4 frilled lizards
  6 rats
190 creatures vanquished.

Vanquished Creatures (collateral kills)
  2 orc warriors (Bailey)
  An orc (Bailey)
  A goblin (Bailey)
4 creatures vanquished.

Grand Total: 194 creatures vanquished

Notes
Turn   | Place    | Note
-------+----------+-------------------------------------------
     0 | D:1      | Spoonicorn the Minotaur Berserker began the quest for the Orb.
     0 | D:1      | Reached XP level 1. HP: 19/19 MP: 0/0
   261 | D:1      | Reached XP level 2. HP: 26/27 MP: 1/1
   313 | D:1      | Reached skill level 4 in Axes
   875 | D:2      | Reached ** piety under Trog
   875 | D:2      | Reached XP level 3. HP: 23/33 MP: 2/2
   896 | D:2      | You fall through a shaft!
   908 | D:3      | Reached XP level 4. HP: 36/41 MP: 3/3
  1203 | D:2      | Reached skill level 5 in Axes
  1775 | D:2      | Reached XP level 5. HP: 47/47 MP: 4/4
  2228 | D:3      | Reached skill level 5 in Fighting
  2633 | D:4      | Reached XP level 6. HP: 56/56 MP: 5/5
  2690 | D:4      | Noticed a sky beast
  2699 | D:4      | Reached skill level 6 in Axes
  2723 | D:4      | Killed a sky beast
  2723 | D:4      | Reached skill level 5 in Armour
  2781 | D:4      | Reached *** piety under Trog
  2852 | D:4      | Reached XP level 7. HP: 58/61 MP: 6/6
  3446 | D:5      | Entered Level 5 of the Dungeon
  3447 | D:5      | Noticed Duvessa
  3448 | D:5      | Found a shimmering altar of Xom.
  3448 | D:5      | Noticed Dowan
  3456 | D:5      | Killed Duvessa
  3456 | D:5      | Reached skill level 7 in Axes
  3468 | D:5      | Killed Dowan
  3503 | D:5      | Noticed Prince Ribbit
  3512 | D:5      | Killed Prince Ribbit
  3672 | D:5      | Reached XP level 8. HP: 66/70 MP: 7/7
  3697 | D:5      | Reached skill level 8 in Axes
  3894 | D:5      | Noticed a hippogriff
  3910 | D:5      | Killed a hippogriff
  3993 | D:6      | Noticed Edmund
  4005 | D:6      | Killed Edmund
  4021 | D:6      | Reached skill level 9 in Axes
  4295 | D:6      | Killed an unseen horror
  4295 | D:6      | Reached skill level 10 in Axes
  4295 | D:6      | Reached XP level 9. HP: 49/78 MP: 8/8
  4320 | D:6      | Reached **** piety under Trog
  4655 | D:6      | Found Cykhlemme's Distillery.
  5209 | D:7      | Found Tiku Roc's Book Emporium.
  5452 | D:7      | Found a staircase to the Ecumenical Temple.
  5783 | D:8      | Found a flagged portal.
  5810 | Bailey   | Entered a bailey
  5874 | Bailey   | Reached skill level 11 in Axes
  5971 | Bailey   | Identified Woelocs's Papyrus of the Unholy Birds
  5988 | Bailey   | Identified the Disquisition on Spatial Feathers
  6440 | D:8      | Noticed Pikel
  6456 | D:8      | Killed Pikel
  6456 | D:8      | Reached XP level 10. HP: 51/90 MP: 9/9
  6494 | D:8      | Found a glowing silver altar of Zin.
  6674 | D:9      | Found a blossoming altar of Fedhas.
  6694 | D:9      | Paralysed by a hornet for 2 turns
  6700 | D:9      | HP: 3/90 [hornet (6)]
  6701 | D:8      | HP: 1/90 [poisoned by a hornet]
  6703 | D:8      | Slain by a hornet

Vault maps used:
D:1:      sevenhm_arrival_forest_fort_small_5
D:3:      first_bread
D:5:      basic_altar, uniq_prince_ribbit1, uniq_duvessa
D:6:      serial_shops, shop_fountains, kennysheep_another_room, uniq_edmund
D:7:      cheibrodos_iron_armory, minmay_temple_entry_statues_pillars,
          serial_shops, shop
D:8:      zin_treasury, enter_bailey_2, st_stairs_1, uniq_pikel
D:9:      basic_altar, the_bakery, st_stairs_1, uniq_erica, uniq_psyche,
          uniq_grum
Bailey:   bailey_axe_1, bailey

Skill      XL: |  1  2  3  4  5  6  7  8  9 |
---------------+----------------------------+-----
Axes           | 4 5 6 7 10 11 | 11.8
Fighting       | 4 5 6 8 |  8.4
Armour         | 3 4 5 6 8 9 |  9.9
Dodging        | 3 4 |  4.7
Unarmed Combat | |  0.7

Action                   |  1- 3 |  4- 6 |  7- 9 | 10-12 || total
-------------------------+-------+-------+-------+-------++-------
Melee: Hand axe          |    54 |   134 |   324 |    17 ||   529
       Headbutt          |     7 |    22 |    68 |     3 ||   100
       Unarmed           |       |       |    18 |       ||    18
       Punch             |       |       |       |     1 ||     1
Invok: Berserk           |     1 |     1 |     2 |       ||     4
       Trog's Hand       |       |       |     1 |       ||     1
       Brothers in Arms  |       |       |     1 |       ||     1
Evoke: Wand              |       |       |       |     1 ||     1
  Use: Scroll            |       |       |     9 |       ||     9
       Potion            |       |       |     4 |     2 ||     6
 Stab: Sleeping          |     1 |       |       |       ||     1
  Eat: Chunk             |       |     8 |     8 |       ||    16
       Bread ration      |       |       |     1 |       ||     1
Armor: Animal skin       |     1 |       |       |       ||     1
       Ring mail         |    17 |     4 |       |       ||    21
       Chain mail        |       |    54 |   182 |    19 ||   255
Dodge: Dodged            |    26 |    68 |   185 |    17 ||   296

Table legend:
 A = Spawn XP
 B = Non-spawn XP
 C = Spawn XP percentage of total XP
 D = Spawn monster count
 E = Non-spawn monster count
 F = Spawn count percentage of total count
 G = Total turns spent on level
                    A         B        C        D         E        F      G
               +---------+---------+-------+---------+---------+-------+---------
         Total |       0 |    5943 |   0.0 |       0 |     193 |   0.0 |  6703
               +---------+---------+-------+---------+---------+-------+---------
           D:1 |       0 |      30 |   0.0 |       0 |      19 |   0.0 |   770
           D:2 |       0 |      52 |   0.0 |       0 |      20 |   0.0 |   768
           D:3 |       0 |     279 |   0.0 |       0 |      26 |   0.0 |   773
           D:4 |       0 |     422 |   0.0 |       0 |      18 |   0.0 |  1135
           D:5 |       0 |    1065 |   0.0 |       0 |      21 |   0.0 |   541
           D:6 |       0 |    1388 |   0.0 |       0 |      18 |   0.0 |  1077
           D:7 |       0 |     708 |   0.0 |       0 |      25 |   0.0 |   633
           D:8 |       0 |    1446 |   0.0 |       0 |      15 |   0.0 |   760
           D:9 |       0 |      83 |   0.0 |       0 |       2 |   0.0 |    27
        Bailey |       0 |     470 |   0.0 |       0 |      29 |   0.0 |   219
               +---------+---------+-------+---------+---------+-------+---------
